cohdb
Replays
Latest Replays
All Replays
Popular Replays
Top Player Replays
Match Explorer
How It Works
Community
CoH3 Stats
Reddit
Sign in to upload your games and track your stats! →
Sign in with Steam
Match 36666227
Unlisted
Match 36666227
Overview
Messages
Build Orders
End
Selects Italian Combined Arms Battlegroup
Selects Bersaglieri Squad
Bersaglieri Squad
Panzerpioneer Squad
Bersaglieri Squad
Construct Light Support Kompanie
Bersaglieri Squad
2.5-tonne Medical Truck
MG34 Team
Selects Bersaglieri Bolster
Fire Support Elements
Pak 38 Mechanized Group
Bersaglieri Squad
Selects Breda Model 30 Light Machine Guns
Construct Panzerarmee Kommand
Selects Semovente da 75/18 Assault Gun
Pak 38 Mechanized Group
Flakvierling Half-track
Selects Strafing Run
Walking Stuka Rocket Launcher
Strafing Run
Pak 38 Mechanized Group
Armored Reserves
Selects Artillery Cover
UH|dun! ツ
UH|ck
UH|XTC
iceman
Opuds8
JPTITO
Bineto
joker
0
0
Comments
sign in to comment!
No comments posted yet!